AoeStats
← christar123 ten

Arabia

509939813Analyzed
1v1 RM · 4d ago on Sep 28, 2026· 29m 46s· 2 players
Game mode
Random Map
Map size
Tiny (2 player)
Population
200
Speed
Normal
Resources
Standard
Victory
Conquest
Starting age
Dark Age
Ending age
Imperial Age
RankedLock teamsTeams togetherTeam positionsShared explorationLock speedFull tech treeHidden civsTurbo modeCheats
Victory
Defeat
🇬🇧 Saxons · United Kingdom
2085
+16
🇨🇱 Mongols · Chile
2090
-16
christar123 ten
6:21 Loom
9:20 Feudal Age
10:00 Double-Bit Axe
15:52 Fletching
19:06 Castle Age
17:31 Padded Archer Armor
17:57 Fletching
19:54 Bodkin Arrow
20:27 Scale Mail Armor
23:48 Elite Skirmisher
25:15 Bow Saw
24:46 Horse Collar
27:18 Leather Archer Armor
27:35 Gold Mining
WhiteForest
6:55 Loom
9:05 Feudal Age
9:21 Man-at-Arms
9:49 Double-Bit Axe
12:41 Fletching
14:17 Arson
16:08 Town Watch
20:03 Castle Age
18:14 Horse Collar
19:18 Scale Barding Armor
20:49 Bloodlines
21:46 Bow Saw
21:56 Padded Archer Armor
21:56 Husbandry
22:55 Bodkin Arrow
26:02 Ballistics
Connection lost

Rejoining the realm…

Still unreachable

The connection could not be restored.

Session expired

The server has moved on; the page needs a fresh start.